Map: Beckett Industries LE

Players

Player 2

  • Race: Zerg Zerg

QuietMind - Winner!

  • Race: Terran Terran

VOD

Have the link to the VOD?

Description

Time

  • Played on: Sept. 20, 2021, 12:11 a.m.
  • Length: 10:50
Show
View Real Time Build Order
Export as new Build Order

Player 2 Zerg 

Build Orders: Hatch First 

Get SALT Encoding   

  12  0:01  Drone  
  13  0:12  Overlord  
  13  0:17  Drone  
  14  0:41  Hatchery  
  13  0:45  Drone  
  14  1:02  Spawning Pool  
  13  1:05  Drone  
  13  1:08  Extractor  
  13  1:12  Drone  
  14  1:19  Overlord  
  14  1:49  Queen  
  14  1:50  Zergling x2  
  14  1:52  Zergling x2  
  18  1:56  Roach Warren  
  17  2:02  Drone  
  17  2:06  Extractor  
  17  2:10  Drone  
  18  2:16  Zergling x2  
  18  2:20  Drone  
  20  2:28  Drone  
  21  2:35  Drone  
  22  2:42  Drone  
  23  2:49  Drone  
  24  2:56  Drone  
  25  3:03  Drone  
  25  3:04  Roach  
  28  3:09  Overlord  
  28  3:13  Drone  
  29  3:20  Drone  
  30  3:27  Drone  
  31  3:35  Drone  
  32  3:42  Drone  
  32  3:44  Overlord  
  33  3:49  Drone  
  33  3:53  Roach, Lair  
  36  3:56  Drone  
  37  4:03  Drone  
  38  4:11  Drone  
  39  4:18  Drone  
  40  4:25  Drone  
  40  4:26  Overlord  
  41  4:32  Drone  
  42  4:39  Drone  
  42  4:41  Roach  
  45  4:46  Drone  
  45  4:51  Overseer  
  46  4:53  Overseer  
  46  4:54  Drone  
  46  4:55  Extractor  
  46  5:01  Extractor, Drone  
  46  5:08  Drone  
  47  5:16  Drone  
  48  5:23  Drone  
  49  5:30  Drone, Roach  
  52  5:37  Drone  
  53  6:05  Overseer  
  53  6:06  Overlord  
  52  9:32  Zergling x2  
  52  9:38  Overseer, Overlord  
  43  9:39  Queen  
  42  9:47  Drone  
  37  9:54  Drone  
  23  10:01  Zergling x2  
  23  10:05  Drone  
Show
View Real Time Build Order
Export as new Build Order

QuietMind Terran - Winner!

Build Orders: Mech 

Get SALT Encoding   

  12  0:00  SCV  
  13  0:12  SCV  
  14  0:16  Supply Depot  
  14  0:24  SCV  
  15  0:38  SCV  
  15  0:39  Barracks  
  16  0:43  Refinery  
  16  0:50  SCV  
  17  1:02  SCV  
  18  1:14  SCV  
  19  1:26  Orbital Command  
  19  1:36  Command Center  
  19  1:39  Marine  
  20  1:51  Factory  
  20  1:53  SCV  
  21  2:01  Supply Depot  
  21  2:08  Refinery  
  21  2:09  SCV  
  21  2:11  Barracks Tech Lab  
  22  2:21  SCV  
  23  2:33  SCV  
  24  2:41  Siege Tank  
  24  2:42  Marine  
  28  2:45  SCV  
  29  2:57  SCV  
  30  2:58  Bunker  
  30  3:02  Marine  
  30  3:04  Orbital Command  
  31  3:09  SCV  
  32  3:14  Siege Tank  
  35  3:21  SCV  
  35  3:23  Armory  
  35  3:24  Marine  
  37  3:30  SCV, Supply Depot  
  37  3:33  SCV  
  39  3:42  SCV  
  39  3:43  Barracks Reactor  
  39  3:46  SCV, Widow Mine  
  43  3:53  Supply Depot  
  43  3:54  SCV  
  44  3:58  SCV  
  45  4:05  Command Center  
  45  4:06  SCV  
  45  4:07  Widow Mine  
  48  4:10  SCV  
  49  4:18  SCV  
  49  4:22  SCV, Factory  
  51  4:25  Barracks Tech Lab  
  51  4:29  Supply Depot  
  51  4:30  SCV  
  52  4:34  SCV  
  52  4:36  Thor  
  59  4:42  SCV  
  59  4:44  Marauder  
  62  4:49  Refinery  
  62  4:50  Refinery  
  62  4:51  SCV  
  62  4:52  Supply Depot  
  63  4:55  SCV  
  64  5:03  SCV  
  68  5:07  Marauder, SCV, Hellbat  
  68  5:14  Supply Depot, Hellbat  
  72  5:15  SCV  
  72  5:17  Orbital Command  
  72  5:19  SCV  
  74  5:22  Supply Depot  
  74  5:25  Thor  
  74  5:27  SCV  
  81  5:30  Marauder  
  81  5:31  SCV  
  81  5:34  Orbital Command  
  84  5:39  SCV  
  84  5:41  Hellbat x2  
  89  5:43  SCV  
  90  5:51  SCV  
  90  5:53  Marauder  
  90  5:55  Supply Depot, SCV  
  94  5:58  Terran Vehicle Weapons Level 1  
  94  6:03  SCV  
  95  6:04  Factory  
  95  6:05  Hellbat x2  
  95  6:06  SCV  
  95  6:07  SCV  
  95  6:09  Supply Depot  
  101  6:15  SCV  
  103  6:18  SCV  
  103  6:19  SCV  
  103  6:21  Thor  
  103  6:22  Bunker  
  103  6:24  Barracks Tech Lab  
  110  6:27  SCV  
  110  6:30  SCV  
  110  6:31  SCV  
  110  6:32  Hellbat x2  
  117  6:39  SCV  
  118  6:42  SCV  
  118  6:43  SCV  
  118  6:46  Marauder, Refinery  
  122  6:48  Refinery, Command Center  
  122  6:52  SCV  
  123  6:54  Armory, SCV  
  123  6:57  Engineering Bay  
  124  7:05  Supply Depot  
  124  7:09  Supply Depot  
  124  7:13  Marauder, Thor  
  124  7:15  Infernal Pre-Igniter  
  132  7:26  Hellbat x2  
  132  7:28  Missile Turret  
  136  7:30  Missile Turret x2, Thor  
  136  7:32  Supply Depot  
  136  7:35  Supply Depot  
  144  7:37  Marauder  
  144  7:40  SCV x2  
  144  7:41  SCV  
  144  7:42  Terran Vehicle And Ship Armor Level 1, Factory  
  147  7:45  Thor  
  147  7:46  Thor  
  147  7:47  Factory  
  147  7:49  Hellbat  
  149  7:53  Supply Depot  
  149  7:54  SCV x3, Hellbat  
  149  7:55  Thor  
  149  7:56  Supply Depot  
  154  8:03  Thor  
  160  8:06  SCV x3  
  160  8:11  Barracks Tech Lab  
  163  8:14  Supply Depot  
  163  8:15  Supply Depot, Thor  
  163  8:16  Hellbat x2  
  163  8:18  SCV  
  163  8:19  SCV x2  
  176  8:28  Factory Reactor  
  176  8:30  SCV  
  176  8:31  SCV x2  
  176  8:32  Marauder  
  182  8:34  Planetary Fortress  
  182  8:40  Missile Turret  
  185  8:41  Hellbat x2  
  185  8:42  SCV  
  185  8:43  SCV  
  185  8:45  SCV, Command Center  
  188  8:49  Thor  
  188  8:55  SCV x2  
  195  8:57  SCV  
  195  9:00  Refinery  
  195  9:01  Hellbat  
  199  9:07  SCV  
  200  9:15  Refinery  
  200  9:18  Command Center  
  200  9:27  Starport  
  200  9:29  Factory  
  200  9:30  Factory  
  200  9:32  Factory  
  200  9:34  Factory  
  198  9:47  SCV x2  
  199  10:14  Command Center  
  199  10:15  Factory Tech Lab  
  199  10:16  Command Center, Factory Reactor, Starport Tech Lab  
  199  10:18  Factory Reactor, Command Center, Factory Tech Lab  
  199  10:29  Fusion Core  
Tags
 
Add a new tag
Caveats
  • Supply blocks, unpowered buildings, or Contaminate may cause inaccurate times.
  • Supply counts are checked every 10 seconds.